 Dungeon Crawl Stone Soup version 0.20.1-1-g8b1a95d (webtiles) character file.

10285 vishdafish the Cleaver (level 11, -5/86 HPs)
             Began as a Formicid Fighter on July 13, 2017.
             Was a Priest of Nemelex Xobeh.
             Slain by a freezing wraith (9 damage)
             ... led by a death knight
             ... on level 11 of the Dungeon.
             The game lasted 00:24:25 (9187 turns).

vishdafish the Cleaver (Formicid Fighter)           Turns: 9187, Time: 00:24:29

Health: -5/86      AC:  9    Str: 23    XL:     11   Next: 90%
Magic:  18/18      EV: 16    Int:  8    God:    Nemelex Xobeh [***...]
Gold:   478        SH: 12    Dex: 11    Spells: 10/10 levels left

rFire    . . .     SeeInvis +   a - +0 war axe
rCold    . . .     Gourm    .   c - +0 shield
rNeg     . . .     Faith    .   b - +0 scale mail
rPois    .         Spirit   .   (helmet unavailable)
rElec    .         Reflect  .   B - +0 cloak
rCorr    .         Harm     .   (no gloves)
MR       +....                  (no boots)
Stlth    ..........             I - amulet of regeneration
Regen    0.7/turn               p - +2 ring of evasion
MPRegen  0.2/turn               z - +4 ring of evasion

@: lethally poisoned (-5 -> -5)
A: permanent stasis, dig shafts and tunnels, four strong arms, antennae 3
a: Dig, Shaft Self, Triple Draw, Renounce Religion


You were on level 11 of the Dungeon.
You worshipped Nemelex Xobeh.
Nemelex Xobeh was most pleased with you.
You were very hungry.

You visited 2 branches of the dungeon, and saw 12 of its levels.

You collected 548 gold pieces.
You spent 70 gold pieces at shops.

Inventory:

Hand Weapons
 a - a +0 war axe (weapon)
Missiles
 L - 10 bolts
Armour
 b - a +0 scale mail (worn)
 c - a +0 shield (worn)
 B - a +0 cloak (worn)
Jewellery
 p - a +2 ring of evasion (left hand)
 z - a +4 ring of evasion (right hand)
 E - the ring of the Mage {Wiz MR++ Int+3}
   (You found it on level 6 of the Dungeon)

   [ring of wizardry]

   It improves your spell success rate.
   It affects your intelligence (+3).
   It affects your resistance to hostile enchantments.
 I - an amulet of regeneration (around neck)
Wands
 M - a wand of flame (27/48)
 P - a wand of flame (6/48)
Scrolls
 g - 3 scrolls of blinking {unknown}
 h - 4 scrolls of fog
 k - 6 scrolls of remove curse
 m - 4 scrolls of teleportation
 o - 2 scrolls of magic mapping
 r - a scroll of amnesia
 u - 2 scrolls of fear
 w - 3 scrolls of enchant weapon {unknown}
 F - 2 scrolls of noise {unknown}
Potions
 d - 2 potions of might
 i - a potion of curing
 j - 3 potions of heal wounds
 n - a potion of agility
 q - 2 potions of cancellation
 t - 2 potions of haste
 v - 2 potions of lignification
 A - 2 potions of degeneration
 C - 2 potions of brilliance
 K - a potion of experience
Miscellaneous
 e - a plain deck of summoning {drawn: 9}
 s - a plain deck of escape
 J - a plain deck of escape {drawn: 2}
 N - a plain deck of escape
Comestibles
 f - 11 bread rations
 l - 3 royal jellies
 x - 5 fruits
 G - 5 meat rations


   Skills:
 + Level 8.2 Fighting
 * Level 10.4 Axes
 + Level 8.3 Armour
 - Level 1.4 Dodging
 - Level 0.6 Stealth
 + Level 9.3 Shields
 * Level 9.8 Invocations


You had 10 spell levels left.
You didn't know any spells.

Dungeon Overview and Level Annotations

Branches:
Dungeon (11/15)            Temple (1/1) D:5            Lair (0/6) D:10
    Orc: D:9-12

Altars:
Ashenzari
Cheibriados
Dithmenos
Elyvilon
Fedhas
Gozag
Hepliaklqana
Kikubaaqudgha
Makhleb
Nemelex Xobeh
Okawaru
Qazlal
Ru
Sif Muna
Trog
Uskayaw
Vehumet
Xom
Yredelemnul
Zin
The Shining One

Shops:
D:10 !

Annotations:
D:7 MrModeste's ghost, novice TrBe


Innate Abilities, Weirdness & Mutations

You cannot be hasted, slowed, berserked, paralysed or teleported.
You can dig through walls and to a lower floor.
Your four strong arms can wield two-handed weapons with a shield.
You have a pair of large antennae on your head. (SInv)


Message History

You block the wraith's attack. You block the freezing wraith's attack.
The freezing wraith closely misses you.
You slash the wraith!
The wraith is severely damaged.
You hit the freezing wraith but do no damage.
You hit the freezing wraith.
You feel sick. You block the wraith's attack. The freezing wraith hits you!
The freezing wraith freezes you! The freezing wraith barely misses you.
The freezing wraith hits you! The freezing wraith freezes you!!
* * * LOW HITPOINT WARNING * * *
The freezing wraith hits you but does no damage.
Vishdafish's illusion hits the freezing wraith.
You feel much better. You block the wraith's attack.
The freezing wraith hits you.
* * * LOW HITPOINT WARNING * * *
The freezing wraith freezes you!
* * * LOW HITPOINT WARNING * * *
The freezing wraith hits you!
You die...
Your body glows slightly and disappears.

###################
..................#
#################.##
... #..# ######.###.#
........§..#
######.#)§.#
...#WW.#####
#..W.#@W@....##
+....#...(##..#
#....#..#.# #.#
.....#..#.# ♣.♣ ######
#.$......###♣♣.♣♣#....#
...#.........##.#
....#.#♣♣.♣♣####.#
..... ♣.♣ #..#.# .....#
###.# ##.#.#


You could see 2 freezing wraiths, a wraith and the friendly vishdafish's
illusion.

Vanquished Creatures
  Erolcha (D:11)
  A death knight (D:11)
  Pikel (D:8)
  A freezing wraith (D:11)
  A troll (D:9)
  A hornet (D:11)
  A hippogriff (D:10)
  5 yaks (D:10)
  A hungry ghost (D:7)
  Menkaure (D:6)
  A porcupine (D:10)
  A black bear (D:11)
  A hornet zombie (D:9)
  4 orc warriors
  A slave (D:8)
  A sky beast (D:8)
  2 ice beasts
  2 necrophages
  5 ogres
  2 phantoms
  A big kobold (D:8)
  5 bullfrogs
  A crocodile (D:10)
  A water moccasin zombie (D:8)
  5 scorpions
  2 killer bees (D:9)
  2 howler monkeys
  2 vampire bats (D:8)
  8 wights
  3 crimson imps
  2 bullfrog zombies (D:7)
  5 hounds
  6 orc priests
  3 jellies
  10 orc wizards
  3 iguanas
  8 worker ants
  A killer bee zombie (D:7)
  Robin (D:2)
  A howler monkey zombie (D:7)
  A worker ant zombie (D:9)
  12 adders
  5 gnolls
  A howler monkey skeleton (D:6)
  3 shadow imps
  6 worms
  An adder skeleton (D:9)
  12 dart slugs
  3 leopard geckos
  21 orcs
  8 giant cockroaches
  19 goblins
  10 hobgoblins
  3 jackals
  3 quokkas
  4 ball pythons (D:1)
  14 bats
  5 frilled lizards
  14 kobolds
  A quokka skeleton (D:5)
  10 rats
  A bush (D:10)
261 creatures vanquished.

Vanquished Creatures (collateral kills)
  A hydra (D:11)
  A two-headed ogre (D:10)
  A kobold demonologist (D:10)
  A hornet (D:10)
  2 hippogriffs
  6 yaks (D:10)
  2 basilisks (D:10)
  3 porcupines (D:10)
  An orc warrior (D:10)
  An ogre (D:9)
  A centaur (D:10)
  2 big kobolds (D:10)
  A wyvern zombie (D:10)
  8 killer bees (D:9)
  A crimson imp (D:9)
  An orc wizard (D:9)
  An iguana (D:11)
  An adder (D:9)
  A gnoll (D:10)
  An orc (D:10)
  11 kobolds (D:10)
  A bush (D:10)
49 creatures vanquished.

Vanquished Creatures (others)
  A hound zombie (D:8)
  A dart slug (D:5)
  A fungus (D:10)
  A plant (D:10)
4 creatures vanquished.

Grand Total: 314 creatures vanquished

Notes
Turn   | Place    | Note
-------+----------+-------------------------------------------
     0 | D:1      | vishdafish the Formicid Fighter began the quest for the Orb.
     0 | D:1      | Reached XP level 1. HP: 18/18 MP: 1/1
    77 | D:1      | Reached XP level 2. HP: 21/24 MP: 2/2
   116 | D:1      | Reached XP level 3. HP: 26/29 MP: 3/3
   519 | D:2      | Found a hide-covered altar of Uskayaw.
   524 | D:2      | Noticed Robin
   526 | D:2      | Reached XP level 4. HP: 37/37 MP: 4/4
   553 | D:2      | Killed Robin
   968 | D:2      | Reached skill level 3 in Axes
  1060 | D:2      | Reached XP level 5. HP: 39/42 MP: 5/5
  1106 | D:2      | Reached skill level 1 in Dodging
  1672 | D:3      | Reached XP level 6. HP: 48/48 MP: 6/6
  1884 | D:3      | Found a glowing golden altar of the Shining One.
  1953 | D:4      | Reached skill level 4 in Axes
  1953 | D:4      | Reached skill level 5 in Shields
  2382 | D:4      | Reached XP level 7. HP: 34/54 MP: 4/7
  2817 | D:5      | Entered Level 5 of the Dungeon
  2979 | D:5      | Reached skill level 5 in Axes
  3121 | D:5      | Found a shadowy altar of Dithmenos.
  3149 | D:5      | Reached XP level 8. HP: 46/60 MP: 8/8
  3305 | D:5      | Found a staircase to the Ecumenical Temple.
  3315 | D:5      | Reached skill level 5 in Armour
  3322 | Temple   | Entered the Ecumenical Temple
  3429 | D:5      | Reached skill level 5 in Fighting
  3466 | D:5      | Reached skill level 6 in Axes
  3666 | D:5      | Found a sparkling altar of Nemelex Xobeh.
  3675 | D:5      | Found a hazy altar of Hepliaklqana.
  3695 | D:5      | Became a worshipper of Nemelex Xobeh the Trickster
  3942 | D:5      | Received a gift from Nemelex Xobeh
  4035 | D:6      | Reached skill level 1 in Invocations
  4077 | D:6      | Noticed Menkaure
  4081 | D:6      | Found an iron altar of Okawaru.
  4088 | D:6      | Killed Menkaure
  4613 | D:6      | Found a shimmering altar of Xom.
  4965 | D:7      | Reached XP level 9. HP: 23/67 MP: 4/10
  5201 | D:7      | Reached skill level 7 in Axes
  5307 | D:7      | Noticed MrModeste's ghost (novice TrBe)
  5352 | D:8      | Noticed a two-headed ogre
  5813 | D:7      | Reached * piety under Nemelex Xobeh
  5897 | D:7      | Reached skill level 5 in Invocations
  5926 | D:8      | Found a shimmering altar of Xom.
  5927 | D:8      | Found a shimmering altar of Xom.
  5927 | D:8      | Found a shimmering altar of Xom.
  5927 | D:8      | Found a shimmering altar of Xom.
  5927 | D:8      | Found a shimmering altar of Xom.
  5927 | D:8      | Found a shimmering altar of Xom.
  5929 | D:8      | Got an ancient golden ring
  5939 | D:8      | Found a glowing golden altar of the Shining One.
  6153 | D:8      | Reached skill level 8 in Axes
  6153 | D:8      | Reached XP level 10. HP: 73/76 MP: 14/14
  6171 | D:8      | Received a gift from Nemelex Xobeh
  6171 | D:8      | Noticed Pikel
  6184 | D:8      | Killed Pikel
  6823 | D:9      | Reached ** piety under Nemelex Xobeh
  6942 | D:9      | Received a gift from Nemelex Xobeh
  6978 | D:9      | Reached skill level 9 in Axes
  7079 | D:9      | Found a blossoming altar of Fedhas.
  7103 | D:9      | Found a shattered altar of Ashenzari.
  7291 | D:10     | Entered Level 10 of the Dungeon
  7297 | D:10     | Killed a two-headed ogre
  7505 | D:10     | HP: 5/117 [poisoned by an orc warrior]
  7828 | D:10     | Received a gift from Nemelex Xobeh
  7867 | D:10     | Reached XP level 11. HP: 58/84 MP: 16/16
  7985 | D:10     | Found Jyugog's Distillery.
  7989 | D:10     | Identified the ring "Fuhef" {Ice Str+4 Slay-4 Stlth+} (You found it on level 8 of the Dungeon)
  7992 | D:10     | Bought a potion of heal wounds for 70 gold pieces
  8025 | D:10     | Found a staircase to the Lair.
  8236 | D:10     | Found a blossoming altar of Fedhas.
  8343 | D:10     | Reached *** piety under Nemelex Xobeh
  8409 | D:10     | Reached skill level 10 in Axes
  8671 | D:11     | Noticed Erolcha
  8685 | D:11     | Killed Erolcha
  8775 | D:11     | Noticed a five-headed hydra
  8784 | D:11     | Killed a five-headed hydra
  9085 | D:11     | Received a gift from Nemelex Xobeh
  9147 | D:11     | Noticed a death knight
  9174 | D:11     | Killed a death knight
  9187 | D:11     | HP: 4/86 [freezing wraith[a death knight] (12)]
  9187 | D:11     | Slain by a freezing wraith

Skill      XL: |  1  2  3  4  5  6  7  8  9 10 11 |
---------------+----------------------------------+-----
Shields        | 4 5 6 7 8 9 |  9.3
Axes           | 3 4 5 6 8 9 10 | 10.4
Dodging        | 1 |  1.4
Armour         | 4 5 6 7 8 |  8.3
Fighting       | 4 5 6 7 8 |  8.2
Invocations    | 2 5 7 9 |  9.8
Stealth        | |  0.6

Action                   |  1- 3 |  4- 6 |  7- 9 | 10-12 || total
-------------------------+-------+-------+-------+-------++-------
Melee: War axe           |    68 |   251 |   364 |   376 ||  1059
 Abil: Dig               |       |       |     1 |       ||     1
Evoke: Deck              |       |       |       |    21 ||    21
  Use: Scroll            |       |       |     2 |    11 ||    13
       Potion            |       |       |       |     5 ||     5
 Stab: Distracted        |       |       |       |     1 ||     1
  Eat: Chunk             |       |     6 |     7 |     8 ||    21
       Bread ration      |       |       |     2 |       ||     2
       Royal jelly       |       |       |       |     1 ||     1
Armor: Scale mail        |    31 |    98 |    71 |    69 ||   269
Dodge: Dodged            |    21 |   109 |   226 |   223 ||   579
Block: Shield            |    31 |   143 |   223 |   258 ||   655
